 Dungeon Crawl Stone Soup version 0.31.0-12-g77e489cdc1 (webtiles) character file.

Game seed: 14586217979434963720

308714 spaghetti the Crack Shot (level 20, -20/154 (164) HPs)
             Began as a Demonspawn Hunter on Feb 18, 2024.
             Was the Champion of Cheibriados.
             Killed from afar by a frost giant (43 damage)
             ... with a bolt of cold
             ... on level 4 of the Vaults on Feb 19, 2024.
             The game lasted 01:23:40 (35143 turns).

spaghetti the Crack Shot (Demonspawn Hunter)       Turns: 35143, Time: 01:23:40

HP:   -20/154 (164) AC: 23    Str: 32    XL:     20   Next: 69%
MP:   0/31          EV: 26    Int: 24    God:    Cheibriados [******]
Gold: 1464          SH: 32    Dex: 45    Spells: 8/19 levels left

rFire   . . .        a - +9 hand cannon (freeze)
rCold   . . .        c - +6 tower shield
rNeg    . . .        t - +2 scale mail of the Gnashing Gods {rPois Will- Regen+ Dex+2}
rPois   +            O - +2 helmet "Ykypt" {Harm rF+ Regen+ Dex+3}
rElec   +            M - +0 cloak {Stlth+}
rCorr   +            (gloves unavailable)
SInv    .            Z - +2 pair of boots {Fly}
Will    +....        G - amulet of guardian spirit
Stlth   +++          i - ring "Egoir" {Wiz rF- Will+ rCorr Slay+3}
HPRegen 2.05/turn    N - +4 ring of slaying
MPRegen 0.22/turn

%: harm (+30% outgoing, +20% incoming), guardian spirit, wizardry (x1)
@: flying, very slightly contaminated, drained, very slow
A: thin metallic scales 3, demonic guardian 2, spiny 3, demonic touch 3, talons
1, agile 1, high MP 1, poison resistance, strong 1
}: 1/15 runes: decaying
a: Renounce Religion, Bend Time, Temporal Distortion, Slouch, Step From Time


You were on level 4 of the Vaults.
You worshipped Cheibriados.
Cheibriados was exalted by your worship.
You visited 6 branches of the dungeon, and saw 34 of its levels.
You visited the Abyss 2 times.
You visited 1 bazaar.
You also visited: Ossuary.

You collected 5659 gold pieces.
You spent 4195 gold pieces at shops.

Inventory:

Hand Weapons
 a - a +9 hand cannon of freezing (weapon)
 b - the +9 great sword "Guolis" {elec, Str+3 Dex+3 Stlth+}
   (You bought it in a shop on level 8 of the Dungeon)

   Str+3:     It affects your strength (+3).
   Dex+3:     It affects your dexterity (+3).
   Stlth+:    It makes you more stealthy.
 u - the +8 great sword "Hynk" {antimagic, rElec}
   (You found it on level 5 of the Lair of Beasts)

   rElec:     It insulates you from electricity.
Armour
 c - a +6 tower shield (worn)
 t - the +2 scale mail of the Gnashing Gods (worn) {rPois Will- Regen+ Dex+2}
   (You found it on level 5 of the Dungeon)

   Dex+2:     It affects your dexterity (+2).
   rPois:     It protects you from poison Will-: It decreases your willpower.
   Regen+:    It increases your rate of health regeneration.
 M - a +0 cloak of stealth (worn)
 O - the +2 helmet "Ykypt" (worn) {Harm rF+ Regen+ Dex+3}
   (You acquired it on level 2 of the Orcish Mines)

   Dex+3:     It affects your dexterity (+3).
   rF+:       It protects you from fire.
   Regen+:    It increases your rate of health regeneration.
   Harm:      It increases damage dealt and taken.
 Z - a +2 pair of boots of flying (worn)
Jewellery
 i - the ring "Egoir" (left hand) {Wiz rF- Will+ rCorr Slay+3}
   (You took it off a deep elf death mage on level 3 of the Elven Halls)

   [ring of wizardry]

   Wiz:       It improves your spell success rate.
   Slay+3:    It affects your accuracy & damage with ranged weapons and melee
   (+3).
   rF-:       It makes you vulnerable to fire.
   Will+:     It increases your willpower.
   rCorr:     It protects you from acid and corrosion.
 D - a ring of resist corrosion
 E - a ring of see invisible
 F - an amulet of the acrobat
 G - an amulet of guardian spirit (around neck)
 N - a +4 ring of slaying (right hand)
 P - an amulet of reflection
 W - the ring of the Present {Wiz Will+ Dex+4 Stlth-}
   (You found it on level 15 of the Dungeon)

   [ring of wizardry]

   Wiz:       It improves your spell success rate.
   Dex+4:     It affects your dexterity (+4).
   Will+:     It increases your willpower.
   Stlth-:    It makes you less stealthy.
 Y - the ring of Vupn {rPois rC+ Will+ Str-2 Stlth+}
   (You took it off a deep elf annihilator on level 3 of the Elven Halls)

   [ring of poison resistance]

   Str-2:     It affects your strength (-2).
   rC+:       It protects you from cold.
   rPois:     It protects you from poison Will+: It increases your willpower.
   Stlth+:    It makes you more stealthy.
Wands
 e - a wand of quicksilver (31)
 n - a wand of flame (92)
 o - a wand of paralysis (43)
 K - a wand of mindburst (12)
 Q - a wand of iceblast (27)
Scrolls
 f - a scroll of silence
 k - 7 scrolls of amnesia
 m - 6 scrolls of poison
 q - 6 scrolls of immolation
 r - 4 scrolls of teleportation
 v - 2 scrolls of blinking
 y - 17 scrolls of identify
 B - a scroll of butterflies
 H - 3 scrolls of vulnerability
 I - 5 scrolls of fog
 L - a scroll of torment
 T - 3 scrolls of revelation
 U - a scroll of brand weapon
Potions
 d - 10 potions of lignification
 h - 4 potions of attraction
 l - 10 potions of curing
 s - 6 potions of brilliance
 w - a potion of enlightenment
 z - 3 potions of invisibility
 A - 4 potions of cancellation
 C - 6 potions of might
 S - 2 potions of ambrosia
 V - 2 potions of magic
 X - 2 potions of resistance
Miscellaneous
 g - a tin of tremorstones (2/2)
 J - a phantom mirror


   Skills:
 - Level 16.1 Fighting
 - Level 21.4 Ranged Weapons
 - Level 10.6 Armour
 - Level 10.8 Dodging
 - Level 0.8 Stealth
 + Level 12.1 Shields
 - Level 12.3 Hexes
 + Level 6.0 Summonings
 - Level 5.0 Translocations
 - Level 10.0 Air Magic
 - Level 12.0 Invocations
 - Level 8.0 Evocations


You had 8 spell levels left.
You knew the following spells:

 Your Spells              Type           Power      Damage    Failure   Level
a - Blink                 Tloc           48%        N/A       4%          2
b - Silence               Hex/Air        26%        N/A       7%          5
c - Summon Lightning Spi  Summ/Air       38%        N/A       9%          4

Your spell library contained the following spells:

 Spells                   Type           Power      Damage    Failure   Level
 Slow                     Hex            100%       N/A       1%          1
 Summon Small Mammal      Summ           100%       N/A       1%          1
 Jinxbite                 Hex            100%       N/A       1%          2
 Confusing Touch          Hex            56%        N/A       1%          3
 Sigil of Binding         Hex            56%        N/A       1%          3
 Apportation              Tloc           48%        N/A       3%          1
 Shock                    Conj/Air       96%        1d9       3%          1
 Call Imp                 Summ           58%        N/A       3%          2
 Lesser Beckoning         Tloc           48%        N/A       4%          2
 Static Discharge         Conj/Air       48%        3-5/arc   4%          2
 Airstrike                Air            24%        2d(4-20)  4%          4
 Dazzling Flash           Conj/Hex       58%        N/A       6%          3
 Gell's Gravitas          Tloc           24%        N/A       9%          3
 Teleport Other           Tloc           24%        N/A       9%          3
 Cigotuvi's Dreadful Rot  Necr/Alch/Air  30%        N/A       10%         2
 Momentum Strike          Conj/Tloc      24%        3d8       13%         2
 Mephitic Cloud           Conj/Alch/Air  15%        N/A       19%         3
 Foxfire                  Conj/Fire      0%         2x1d4     24%         1
 Kiss of Death            Conj/Necr      0%         2d5       24%         1
 Magic Dart               Conj           0%         1d3       24%         1
 Necrotise                Necr           0%         1d4       24%         1
 Sting                    Conj/Alch      0%         1d3       24%         1
 Volatile Blastmotes      Fire/Tloc      24%        2d12      26%         3
 Manifold Assault         Tloc           24%        N/A       28%         4
 Passage of Golubria      Tloc           24%        N/A       28%         4
 Scorch                   Fire           0%         2d5       32%         2
 Sublimation of Blood     Necr           0%         N/A       32%         2
 Metabolic Englaciation   Hex/Ice        14%        N/A       45%         5
 Animate Armour           Summ/Erth      28%        N/A       52%         4
 Martyr's Knell           Necr/Summ      14%        N/A       52%         4
 Summon Blazeheart Golem  Fire/Summ      14%        N/A       52%         4
 Frozen Ramparts          Ice            0%         1d1       54%         3
 Fugue of the Fallen      Necr           0%         N/A       54%         3
 Ozocubu's Armour         Ice            0%         N/A       54%         3
 Stone Arrow              Conj/Erth      0%         3d7       54%         3
 Vampiric Draining        Necr           0%         2d6       54%         3
 Iskenderun's Mystic Bla  Conj/Tloc      12%        2d5       61%         4
 Arcjolt                  Conj/Air       12%        1d22      61%         5
 Freezing Cloud           Conj/Ice/Air   7%         6-21      83%         5
 Dispel Undead            Necr           0%         3d6       90%         4
 Fulminant Prism          Conj/Alch      0%         3d5       90%         4
 Ignite Poison            Fire/Alch      0%         N/A       90%         4
 Leda's Liquefaction      Alch/Erth      0%         N/A       90%         4
 Petrify                  Alch/Erth      0%         N/A       90%         4
 Dispersal                Tloc           12%        N/A       98%         6
 Plasma Beam              Fire/Air       12%        2x1d23    98%         6
 Alistair's Intoxication  Alch           0%         N/A       99%         5
 Curse of Agony           Necr           0%         N/A       99%         5
 Irradiate                Conj/Alch      0%         3d11      99%         5
 Iskenderun's Battlesphe  Conj           0%         2d6       99%         5
 Lee's Rapid Deconstruct  Erth           0%         3d4*      99%         5
 Bombard                  Conj/Erth      0%         9d1       100%        6
 Death Channel            Necr           0%         N/A       100%        6
 Sculpt Simulacrum        Ice/Alch       0%         N/A       100%        6
 Starburst                Conj/Fire      0%         6d3       100%        6
 Haunt                    Necr/Summ      7%         N/A       100%        7
 Orb of Destruction       Conj           0%         9d5       100%        7
 Spellforged Servitor     Conj/Summ      7%         N/A       100%        7
 Summon Hydra             Summ           14%        N/A       100%        7
 Borgnjor's Revivificati  Necr           0%         N/A       100%        8
 Infestation              Necr           0%         N/A       100%        8
 Lehudib's Crystal Spear  Conj/Erth      0%         10d2      100%        8
 Death's Door             Necr           0%         N/A       100%        9


Dungeon Overview and Level Annotations

Branches:
Dungeon (15/15)            Temple (0/1) D:7            Lair (5/5) D:11
  Swamp (4/4) Lair:2        Slime (0/5) Lair:5          Orc (2/2) D:11
    Elf (3/3) Orc:2        Vaults (5/5) D:14          Crypt (0/3) Vaults:2
 Depths (0/4) D:15        Ossuary (visited)
  Snake: Lair:2-3    Spider: Lair:2-3

Altars:
Cheibriados
Dithmenos
Gozag
Kikubaaqudgha
Makhleb
Okawaru
Ru
Sif Muna
Uskayaw
Vehumet
Wu Jian
Xom
Jiyva

Shops:
D:2 ?   D:7 **   D:8 (   D:11 !=:::   D:15 [   Orc:2 [=[?   Elf:1 [?*=
Elf:2 [::=   Vaults:1 (   Vaults:2 *   Vaults:4 !

Annotations:
D:5 1 runed translucent door, Crazy Yiuf
D:15 exclusion: door
Lair:3 exclusion: oklob plant
Lair:5 1 runed translucent door
Elf:3 1 runed translucent door, 2 transporters, peterlawrence's ghost, adept MiFi
Vaults:2 3 runed translucent doors, Zonian's ghost, adept HOFi


Innate Abilities, Weirdness & Mutations

You are completely covered in thin metallic scales. (AC +4, rElec)
A demonic guardian rushes to your aid.
You are completely covered in sharp spines.
Your touch may irresistibly damage your foes and sap their willpower.
You have sharp toenails.
You are agile. (Dex +4, Str/Int -1)
You have an increased reservoir of magic. (+10% MP)
Your system is resistant to poisons. (rPois)
Your muscles are strong. (Str +4, Int/Dex -1)


Message History

A demonic guardian appears!
You block the shadow dragon's attack. x3
Okay, then.
You feel much better.
The frost giant points at you and mumbles some strange words.
The bolt of cold misses the shadow dragon.
The bolt of cold hits you!!
* * * LOW HITPOINT WARNING * * *
You block the shadow dragon's attack. x3
Okay, then.
Okay, then.
You shoot a bolt. The bolt hits the shadow dragon!!!
The bolt freezes the shadow dragon.
The shadow dragon is severely wounded.
Your sixfirhy hits the shadow dragon but does no damage. x3
Your sixfirhy hits the shadow dragon.
Your sixfirhy shocks the shadow dragon!
You block the shadow dragon's attack.
The shadow dragon completely misses you.
The shadow dragon claws you but does no damage.
Your sixfirhy hits the shadow dragon but does no damage.
Unknown command.
You shoot a bolt.
The bolt hits the shadow dragon but does no damage.
The shadow dragon is severely wounded.
Your sixfirhy hits the shadow dragon but does no damage. x2
Your sixfirhy hits the shadow dragon.
Your sixfirhy shocks the shadow dragon!
The shadow dragon bites your sixfirhy!
The shadow dragon closely misses your sixfirhy.
The shadow dragon claws your sixfirhy!
Unknown command.
Unknown command.
You shoot a bolt. The bolt hits the shadow dragon!
The shadow dragon is almost dead.
You feel ready to blink again. You block the frost giant's attack.
The frost giant barely misses your sixfirhy.
The shadow dragon breathes negative energy at you.
The bolt of negative energy misses you. The frost giant casts a spell at you.
The bolt of cold hits you!!!
You die...

..#...........#..##.......# ##...
#...#.#.#.#.#...###.......###....
..#....)......#..##...[...##..###
##..#...#...#..####.......'...#..
###..#...#..### #.......#...'..
###..#..### #.......#...#..
###''############+#######..###
#...........#☼.......# ##....
#...........+@C[[....# ##...
#..#######[[#3D>(....# ##..
#..#.....#.)).[[(....# ###
#..#.....#÷[#.>......#
#..'.....#.[#........#
#..#.....#..##########
#..#.....#..# #..#######..#
#...........#


You could see a shadow dragon (ally target), a frost giant and a friendly
sixfirhy (summoned).

Vanquished Creatures
  An ancient lich (Vaults:2)
  Mennas (Vaults:2)
  Zenata (Vaults:1)
  2 deep elf master archers (Elf:3)
  5 sphinxes
  2 deep elf blademasters (Elf:3)
  An ancient champion (Vaults:2)
  A thorn hunter (Swamp:3)
  Aizul (Elf:3)
  Kirke (D:14)
  A shadow dragon (Vaults:4)
  A fenstrider witch (Swamp:2)
  3 deep elf sorcerers
  The ghost of Wooc the Bludgeoner, an adept GrFi of Okawaru (Swamp:3)
  10 vault wardens
  2 frost giants (Vaults:1)
  6 deep elf elementalists (Elf:3)
  Louise (D:15)
  2 orc warlords (Vaults:1)
  15 ironbound preservers
  A ghoul (Swamp:3)
  2 formless jellyfish
  4 ironbound thunderhulks
  2 stone giants (Vaults:4)
  5 deep elf demonologists
  An eleionoma (Swamp:4)
  10 dire elephants
  5 deep elf annihilators (Elf:3)
  8 deep elf death magi
  3 bunyips
  2 war gargoyles
  An eidolon (Vaults:2)
  An ettin (Vaults:4)
  Snorg (D:13)
  2 shambling mangroves (Swamp:4)
  Josephine (D:15)
  4 deep elf high priests
  7 yaktaur captains
  8 great orbs of eyes
  25 vault guards
  2 entropy weavers
  20 hydras
  4 ogre magi
  2 rakshasas (Abyss:2)
  A spriggan air mage (Swamp:3)
  Erolcha (D:13)
  2 catoblepae (Lair:1)
  A peacekeeper (Vaults:3)
  5 alligators
  12 ironbound frosthearts
  Erica (Lair:1)
  15 centaur warriors
  A ghost crab (Swamp:4)
  29 dancing weapons
  6 boulder beetles
  4 two-headed ogres
  9 death yaks
  An orc high priest (Elf:1)
  Sonja (D:13)
  A fire crab (shapeshifter) (D:14)
  7 skeletal warriors
  14 deep elf knights
  A shadow wraith (Vaults:4)
  A wretched star (Abyss:2)
  A spark wasp zombie (D:15)
  2 skysharks
  2 goliath frogs
  2 spriggan druids
  A mana viper (shapeshifter) (Vaults:3)
  A glowing orange brain (Vaults:3)
  Lodul (D:11)
  5 bog bodies
  12 swamp dragons
  40 deep trolls
  10 lindwurms
  2 flayed ghosts
  4 arcanists
  2 death drakes
  2 phantasmal warriors
  13 deep elf archers
  13 ironbound convokers
  2 necromancers
  7 orc knights
  28 deep elf pyromancers
  3 large abominations (Abyss:2)
  28 deep elf zephyrmancers
  17 ugly things
  3 starcursed masses (Abyss:2)
  A tengu skeleton (Vaults:2)
  2 cyclopes
  A wolf spider (D:11)
  A cyclops (shapeshifter) (D:13)
  3 will-o-the-wisps
  8 orc sorcerers (Orc:2)
  3 meliai (D:14)
  A meliai (shapeshifter) (Elf:2)
  5 black mambas
  5 manticores
  2 kobold blastminers
  17 vault sentinels
  17 elephants
  3 fire giant skeletons (Vaults:2)
  A gargoyle (D:12)
  11 cane toads
  A smoke demon (Abyss:2)
  A torpor snail (Lair:5)
  An unseen horror (D:11)
  Psyche (D:11)
  7 rime drakes
  23 yaktaurs
  Jeremiah (Lair:1)
  2 freezing wraiths (Vaults:2)
  14 komodo dragons
  5 human skeletons (Vaults:2)
  6 trolls
  A yaktaur skeleton (Vaults:2)
  A hellwing (Abyss:2)
  12 tyrant leeches
  5 polar bears
  3 raiju (Abyss:2)
  9 blink frogs
  7 hornets
  A spriggan zombie (D:15)
  4 dream sheep
  36 slime creatures
  2 ettin skeletons (Vaults:2)
  10 spriggans
  3 water elementals
  An air elemental (Elf:3)
  7 wraiths
  Eustachio (D:5)
  32 yaks
  A shadow (D:11)
  3 fire elementals
  5 wyverns
  10 basilisks
  2 wargs
  A neqoxec (Abyss:2)
  A chaos spawn (Abyss:2)
  An elf skeleton (Vaults:2)
  20 vampire mosquitoes
  Grum (Lair:1)
  A hog (D:14)
  A steam dragon (D:8)
  2 acid dragons
  12 water moccasins
  14 swamp worms
  2 glowing shapeshifter skeletons (Vaults:2)
  9 swamp drakes
  Duvessa (D:6)
  17 orc warriors
  A sky beast (D:8)
  A black bear (D:6)
  9 wolves
  25 ogres
  11 centaurs
  2 kobold brigands
  2 weeping skulls (Ossuary)
  A nameless horror (Vaults:4)
  An earth elemental (Elf:1)
  15 bullfrogs
  2 scorpions (D:4)
  A gnoll sergeant (D:10)
  2 small abominations (Abyss:2)
  Dowan (D:6)
  5 wights
  19 killer bees
  6 spriggan skeletons (D:12)
  10 howler monkeys
  5 electric eels
  A troll skeleton (D:12)
  3 bombardier beetles
  17 orc priests
  A quasit (Abyss:2)
  A gnoll bouda (D:5)
  3 hounds
  4 jellies
  2 sleepcaps
  24 orc wizards
  4 iguanas
  6 mummies (Ossuary)
  9 gnolls
  7 adders
  A shadow imp (Abyss:2)
  3 white imps
  4 ufetubi
  A ribbon worm (D:2)
  3 dart slugs
  59 orcs
  5 endoplasms
  3 giant cockroaches
  2 goblins
  5 hobgoblins
  15 kobolds
  2 quokkas
  10 ball pythons
  3 bats
  6 frilled lizards
  2 gnoll zombies (Ossuary)
  4 kobold zombies (Ossuary)
  An orc zombie (Ossuary)
  5 rats
1210 creatures vanquished.

Vanquished Creatures (collateral kills)
  the Lernaean hydra (Swamp:4)
  3 hydras
  2 vault guards (Vaults:4)
  A two-headed ogre (D:11)
  A death yak (Lair:5)
  A swamp dragon (Swamp:4)
  A necromancer (D:15)
  Prince Ribbit (D:6)
  A yak (D:9)
  Edmund (D:5)
  An ogre (D:5)
  A killer bee (D:9)
  An iguana (D:6)
  An orc priest (D:8)
  An orc wizard (D:6)
  A giant cockroach (D:4)
  A kobold zombie (Ossuary)
20 creatures vanquished.

Vanquished Creatures (others)
  A bloated husk (Swamp:1)
  A shadow (D:12)
  An orc wizard (Orc:2)
  6 foxfires (Swamp:3)
9 creatures vanquished.

Grand Total: 1239 creatures vanquished

Notes
Turn   | Place    | Note
-------+----------+-------------------------------------------
     0 | D:1      | spaghetti the Demonspawn Hunter began the quest for the
                  | Orb.
     0 | D:1      | Reached XP level 1. HP: 16/16 MP: 1/1
   150 | D:1      | Reached skill level 4 in Ranged Weapons
   161 | D:1      | Gained mutation: You are partially covered in sharp spines.
                  | [demonic ancestry]
   161 | D:1      | Reached XP level 2. HP: 22/22 MP: 2/2
   515 | D:2      | Found Vuas's Magic Scroll Emporium.
   698 | D:2      | Gained mutation: You are partially covered in thin metallic
                  | scales. (AC +2) [demonic ancestry]
   698 | D:2      | Reached XP level 3. HP: 27/27 MP: 3/3
   937 | D:2      | Reached skill level 5 in Ranged Weapons
  1070 | D:3      | Noticed a +0 dagger
  1071 | D:3      | Noticed a +0 dagger
  1077 | D:3      | Gained mutation: A weak demonic guardian rushes to your
                  | aid. [demonic ancestry]
  1077 | D:3      | Reached XP level 4. HP: 33/33 MP: 4/4
  1077 | D:3      | Found a hide-covered altar of Uskayaw.
  1489 | D:3      | Gained mutation: You passively map a small area around you.
                  | [potion of mutation]
  1489 | D:3      | Gained mutation: You have very sharp teeth. [potion of
                  | mutation]
  1729 | D:4      | Reached XP level 5. HP: 38/38 MP: 5/5
  1778 | D:4      | Reached skill level 6 in Ranged Weapons
  1860 | D:4      | Gained mutation: You are mostly covered in thin metallic
                  | scales. (AC +3) [demonic ancestry]
  1860 | D:4      | Reached XP level 6. HP: 39/44 MP: 6/6
  1903 | D:4      | Found a snail-covered altar of Cheibriados.
  1915 | D:4      | Became a worshipper of Cheibriados the Contemplative
  1945 | D:4      | Reached skill level 7 in Ranged Weapons
  2305 | D:4      | Found a shadowy altar of Dithmenos.
  2305 | D:4      | Found an ornate altar of the Wu Jian Council.
  2372 | D:5      | Entered Level 5 of the Dungeon
  2553 | D:5      | Reached skill level 1 in Armour
  2562 | D:5      | Gained mutation: You are completely covered in thin
                  | metallic scales. (AC +4, rElec) [demonic ancestry]
  2562 | D:5      | Reached XP level 7. HP: 37/50 MP: 7/7
  2639 | D:5      | Lost mutation: You passively map a small area around you.
                  | [potion of mutation]
  2639 | D:5      | Lost mutation: You have very sharp teeth. [potion of
                  | mutation]
  2639 | D:5      | Gained mutation: You have a pair of small horns on your
                  | head. [potion of mutation]
  2639 | D:5      | Gained mutation: Your spells are a little harder to cast,
                  | but a little more powerful. [potion of mutation]
  2650 | D:5      | Noticed Edmund
  2679 | D:5      | Killed Edmund
  2840 | D:5      | Found a runed translucent door.
  2841 | D:5      | Noticed Crazy Yiuf
  2892 | D:5      | Noticed Eustachio
  2916 | D:5      | Killed Eustachio
  2982 | D:5      | Identified the +2 scale mail of the Gnashing Gods {rPois
                  | Will- Regen+ Dex+2}
  3304 | D:6      | Reached skill level 8 in Ranged Weapons
  3417 | D:5      | Reached * piety under Cheibriados
  3418 | D:5      | Reached XP level 8. HP: 47/56 MP: 8/8
  3708 | D:6      | Found an iron altar of Okawaru.
  3733 | D:6      | Noticed Duvessa
  3736 | D:6      | Noticed Dowan
  3737 | D:6      | Killed Duvessa
  3738 | D:6      | Noticed Prince Ribbit
  3751 | D:6      | Reached skill level 5 in Dodging
  3759 | D:6      | Killed Dowan
  3770 | D:6      | Reached ** piety under Cheibriados
  3786 | D:6      | Killed Prince Ribbit
  3787 | D:6      | Reached skill level 9 in Ranged Weapons
  3787 | D:6      | Reached XP level 9. HP: 58/61 MP: 9/9
  3905 | D:6      | Reached skill level 5 in Armour
  4502 | D:6      | Found an ancient bone altar of Kikubaaqudgha.
  4502 | D:6      | Found a burning altar of Makhleb.
  4597 | D:7      | Found Suav's Gadget Gallery.
  4765 | D:7      | Found a staircase to the Ecumenical Temple.
  4767 | D:7      | Found a radiant altar of Vehumet.
  4870 | D:7      | Reached *** piety under Cheibriados
  4894 | D:7      | Found a sand-covered staircase.
  4946 | Ossuary  | Entered an ossuary
  5529 | D:7      | Found Rawnimpe's Assorted Antiques.
  5535 | D:7      | Bought a gilded ring for 135 gold pieces
  5846 | D:8      | Got the Teachings on Dark Fulmination
  5879 | D:8      | Noticed a skeletal warrior
  5879 | D:8      | Noticed a skeletal warrior
  6001 | D:9      | Noticed a troll
  6005 | D:9      | Reached skill level 10 in Ranged Weapons
  6010 | D:9      | Gained mutation: Your touch may inflict minor irresistible
                  | damage on your foes. [demonic ancestry]
  6010 | D:9      | Reached XP level 10. HP: 47/67 MP: 10/10
  6270 | D:9      | Reached **** piety under Cheibriados
  6271 | D:9      | Found an opulent altar of Gozag.
  6802 | D:9      | Reached skill level 1 in Invocations
  6930 | D:10     | Entered Level 10 of the Dungeon
  6947 | D:10     | Reached skill level 1 in Evocations
  7029 | D:8      | Reached ***** piety under Cheibriados
  7162 | D:8      | Found Ruunolem's Antique Weapon Shoppe.
  7163 | D:8      | Lost mutation: You have a pair of small horns on your head.
                  | [potion of mutation]
  7163 | D:8      | Lost mutation: Your spells are a little harder to cast, but
                  | a little more powerful. [potion of mutation]
  7163 | D:8      | Gained mutation: You are somewhat resistant to further
                  | mutation. [potion of mutation]
  7173 | D:8      | Bought an ichor-stained great sword for 241 gold pieces
  7173 | D:8      | Identified the +9 great sword "Guolis" {elec, Str+3 Dex+3
                  | Stlth+} (You bought it in a shop on level 8 of the Dungeon)
  7284 | D:8      | Killed a skeletal warrior
  7285 | D:8      | Gained mutation: Your touch may inflict irresistible damage
                  | on your foes. [demonic ancestry]
  7285 | D:8      | Reached XP level 11. HP: 48/72 MP: 8/13
  7347 | D:8      | Killed a skeletal warrior
  7453 | D:8      | Noticed a skeletal warrior
  7478 | D:8      | Killed a skeletal warrior
  7479 | D:8      | Reached skill level 5 in Invocations
  7981 | D:10     | Noticed a white ugly thing
  7991 | D:10     | Killed a white ugly thing
  8313 | D:11     | Found Gyaser's Book Shop.
  8317 | D:11     | Reached skill level 5 in Evocations
  8322 | D:11     | Noticed Lodul
  8333 | D:11     | Killed Lodul
  8441 | D:11     | Found a staircase to the Orcish Mines.
  8475 | D:11     | Noticed a two-headed ogre
  8475 | D:11     | Noticed a wolf spider
  8478 | D:11     | Noticed a two-headed ogre
  8487 | D:11     | HP: 2/72 [two-headed ogre/+0 giant spiked club (17)]
  8494 | D:11     | Killed a two-headed ogre
  8495 | D:11     | Killed a two-headed ogre
  8500 | D:11     | Killed a wolf spider
  8600 | D:11     | Found Puoruocu's Jewellery Boutique.
  8602 | D:11     | Found Siuq's Book Boutique.
  8741 | D:11     | Noticed Psyche
  8742 | D:11     | Reached skill level 11 in Ranged Weapons
  8745 | D:11     | Killed Psyche
  8756 | D:11     | Found Picwed's Book Shoppe.
  8923 | D:11     | Found Wylogas's Distillery.
  8928 | D:11     | Bought 2 potions of mutation for 208 gold pieces
  8928 | D:11     | Lost mutation: You are somewhat resistant to further
                  | mutation. [potion of mutation]
  8928 | D:11     | Gained mutation: Your flesh is heat resistant. (rF+)
                  | [potion of mutation]
  8928 | D:11     | Gained mutation: You have large cloven feet. [potion of
                  | mutation]
  8928 | D:11     | Gained mutation: Your flesh is very heat resistant. (rF++)
                  | [potion of mutation]
  8969 | D:11     | Gained mutation: You are mostly covered in sharp spines.
                  | [demonic ancestry]
  8969 | D:11     | Reached XP level 12. HP: 78/78 MP: 18/18
  9077 | D:11     | Found a staircase to the Lair.
  9361 | Lair:1   | Entered Level 1 of the Lair of Beasts
  9367 | Lair:1   | Noticed a boulder beetle
  9368 | Lair:1   | Noticed Erica
  9375 | Lair:1   | Killed a boulder beetle
  9376 | Lair:1   | Reached skill level 12 in Ranged Weapons
  9377 | Lair:1   | Killed Erica
  9382 | Lair:1   | Noticed a catoblepas
  9384 | Lair:1   | Noticed Grum
  9393 | Lair:1   | Killed a catoblepas
  9395 | Lair:1   | Killed Grum
  9466 | Lair:1   | Reached skill level 13 in Ranged Weapons
  9508 | Lair:1   | Noticed Jeremiah
  9518 | Lair:1   | Killed Jeremiah
  9688 | Lair:1   | Noticed a catoblepas
  9694 | Lair:1   | Killed a catoblepas
 10242 | Orc:1    | Entered Level 1 of the Orcish Mines
 10534 | Orc:1    | You fall into a shaft and drop 1 floor!
 10534 | Orc:2    | Entered Level 2 of the Orcish Mines
 10583 | Orc:2    | Reached skill level 14 in Ranged Weapons
 11069 | Orc:1    | Reached ****** piety under Cheibriados
 11478 | Orc:2    | Found a staircase to the Elven Halls.
 11576 | D:11     | Bought a manual of Ranged Weapons for 1200 gold pieces
 11792 | Lair:2   | Gained mutation: Your touch may irresistibly damage your
                  | foes and sap their willpower. [demonic ancestry]
 11792 | Lair:2   | Reached XP level 13. HP: 83/83 MP: 19/19
 11806 | Lair:2   | Reached skill level 15 in Ranged Weapons
 12109 | Lair:2   | Identified the +9 shortbow of Terror {speed, rElec}
 12235 | Lair:2   | Reached skill level 16 in Ranged Weapons
 12288 | Lair:2   | Found a staircase to the Swamp.
 12471 | Lair:2   | Reached skill level 17 in Ranged Weapons
 13147 | Lair:3   | You fall into a shaft and drop 2 floors!
 13147 | Lair:5   | Entered Level 5 of the Lair of Beasts
 13202 | Lair:5   | Reached skill level 18 in Ranged Weapons
 13636 | Lair:4   | Reached skill level 5 in Fighting
 13873 | Lair:4   | Found a shimmering altar of Xom.
 14265 | Lair:5   | Reached XP level 14. HP: 90/103 MP: 14/20
 14458 | Lair:5   | Found a runed translucent door.
 14459 | Lair:5   | Found a viscous altar of Jiyva.
 14474 | Lair:5   | Noticed an acid blob
 14501 | Lair:5   | Found a staircase to the Slime Pits.
 14501 | Lair:5   | Noticed an acid blob
 14919 | Lair:5   | Reached skill level 10 in Fighting
 15310 | Lair:5   | Identified the +8 great sword "Hynk" {antimagic, rElec}
 15660 | Orc:2    | Lost mutation: Your flesh is very heat resistant. (rF++)
                  | [potion of mutation]
 15660 | Orc:2    | Lost mutation: You have large cloven feet. [potion of
                  | mutation]
 15660 | Orc:2    | Lost mutation: Your flesh is heat resistant. (rF+) [potion
                  | of mutation]
 15660 | Orc:2    | Gained mutation: You are dopey. (Int -2) [potion of
                  | mutation]
 15661 | Orc:2    | Lost mutation: You are dopey. (Int -2) [potion of mutation]
 15661 | Orc:2    | Gained mutation: Your body sometimes deteriorates upon
                  | taking damage. [potion of mutation]
 15661 | Orc:2    | Gained mutation: Your system is resistant to poisons.
                  | (rPois) [potion of mutation]
 15662 | Orc:2    | Lost mutation: Your system is resistant to poisons. (rPois)
                  | [potion of mutation]
 15662 | Orc:2    | Lost mutation: Your body sometimes deteriorates upon taking
                  | damage. [potion of mutation]
 15662 | Orc:2    | Gained mutation: You have a pair of small antennae on your
                  | head. [potion of mutation]
 15663 | Orc:2    | Lost mutation: You have a pair of small antennae on your
                  | head. [potion of mutation]
 15663 | Orc:2    | Gained mutation: Your flesh is cold resistant. (rC+)
                  | [potion of mutation]
 15828 | Orc:2    | Found Riptakh's Magic Scroll Shoppe.
 15853 | Orc:2    | Found an ancient bone altar of Kikubaaqudgha.
 15901 | Orc:2    | Found Pamaphy's Jewellery Shoppe.
 15923 | Orc:2    | Found a radiant altar of Vehumet.
 16002 | Orc:2    | Found Qepheag's Antique Armour Emporium.
 16008 | Orc:2    | Found Tyecyb's Antique Armour Shoppe.
 17041 | D:13     | Noticed Sonja
 17046 | D:13     | Killed Sonja
 17158 | D:13     | Noticed Erolcha
 17160 | D:13     | Killed Erolcha
 17206 | D:13     | Noticed Snorg
 17212 | D:13     | Killed Snorg
 17213 | D:13     | Reached XP level 15. HP: 124/124 MP: 21/21
 17348 | Orc:2    | Bought a scroll of acquirement for 884 gold pieces
 17348 | Orc:2    | Acquired the +2 helmet "Ykypt" {Harm rF+ Regen+ Dex+3}
 17928 | D:14     | Noticed Kirke
 17934 | D:14     | Killed Kirke
 18193 | D:14     | Found a gate to the Vaults.
 18671 | D:15     | Entered Level 15 of the Dungeon
 18725 | D:15     | Found a sacrificial altar of Ru.
 18901 | D:15     | Found a staircase to the Depths.
 19013 | D:15     | Reached skill level 15 in Fighting
 19101 | D:15     | Found Mulor's Antique Armour Boutique.
 19370 | D:15     | Noticed Josephine
 19373 | D:15     | Killed Josephine
 19374 | D:15     | Noticed Louise
 19374 | Abyss:2  | Cast into level 2 of the Abyss (Louise)
 19401 | Abyss:2  | Found a corrupted altar of Lugonu.
 19558 | Abyss:2  | Found a corrupted altar of Lugonu.
 19706 | Abyss:2  | Found a corrupted altar of Lugonu.
 19714 | Abyss:2  | Found a corrupted altar of Lugonu.
 19736 | D:15     | Escaped the Abyss
 19748 | D:15     | Killed Louise
 19772 | D:15     | Identified the ring of the Present {Wiz Will+ Dex+4 Stlth-}
 19779 | D:15     | Learned a level 2 spell: Blink
 19785 | D:15     | Learned a level 5 spell: Silence
 20238 | D:2      | Bought a scroll of enchant weapon for 82 gold pieces
 20454 | Elf:1    | Entered Level 1 of the Elven Halls
 20472 | Elf:1    | Reached skill level 1 in Hexes
 20487 | Elf:1    | Reached skill level 1 in Translocations
 20552 | Elf:1    | Identified the +0 chain mail of the Poles {Int+5}
 20605 | Elf:1    | Found Dopto's Magic Scroll Shoppe.
 20606 | Elf:1    | Found Conn's Jewellery Emporium.
 20606 | Elf:1    | Found Ladeul's Armour Shoppe.
 20611 | Elf:1    | Bought a scroll of enchant weapon for 112 gold pieces
 20611 | Elf:1    | Found Jibeg's Assorted Antiques.
 20976 | Elf:1    | Reached XP level 16. HP: 138/138 MP: 22/22
 21373 | Elf:3    | Entered Level 3 of the Elven Halls
 21464 | Elf:3    | Found a runed translucent door.
 21481 | Elf:3    | Identified the serpent talisman of Dawn {rElec rC- rN+
                  | Dex+5}
 21481 | Elf:3    | Noticed Aizul
 21486 | Elf:3    | Killed Aizul
 21580 | Elf:3    | Identified the amulet of the Water Diviner {Spirit Rampage
                  | Regen+ Str-2}
 21580 | Elf:3    | Noticed a deep elf blademaster
 21580 | Elf:3    | Identified the ring "Egoir" {Wiz rF- Will+ rCorr Slay+3}
 21580 | Elf:3    | Noticed a deep elf master archer
 21587 | Elf:3    | Killed a deep elf blademaster
 21588 | Elf:3    | Identified the staff "Zygeiruwk" {rPois rF+ Dex+5 Fire}
 21590 | Elf:3    | Killed a ghostly deep elf blademaster
 21590 | Elf:3    | Killed a deep elf master archer
 21602 | Elf:3    | Reached skill level 5 in Hexes
 21613 | Elf:3    | Identified the +0 quarterstaff "Hohuig" {heavy, rC+}
 21623 | Elf:3    | Noticed a deep elf blademaster
 21627 | Elf:3    | Killed a deep elf blademaster
 21647 | Elf:3    | Reached skill level 5 in Translocations
 21657 | Elf:3    | Reached skill level 10 in Dodging
 21751 | Elf:3    | Identified the ring of Vupn {rPois rC+ Will+ Str-2 Stlth+}
 21818 | Elf:3    | Got Nutaer's Elucidation of Incineration and Bruises
 21836 | Elf:3    | Identified the +11 shortbow "Nuebenn" {flame, Dex+4}
 21851 | Elf:3    | Reached skill level 10 in Armour
 21852 | Elf:3    | Identified the amulet of Musot {RegenMP Rampage +Inv rN+
                  | Dex+3}
 21852 | Elf:3    | Noticed a deep elf master archer
 21856 | Elf:3    | Killed a deep elf master archer
 22160 | Elf:3    | Found a flickering gateway to a bazaar.
 22176 | Bazaar   | Entered a bazaar
 22176 | Bazaar   | Found Okom's Antique Weapon Shop.
 22176 | Bazaar   | Found Haefuuj's Book Emporium.
 22176 | Bazaar   | Found Caorph's Book Shop.
 22176 | Bazaar   | Found Myahylis's Armour Shoppe.
 22178 | Bazaar   | Found Ping's Jewellery Shoppe.
 22212 | Bazaar   | Bought a manual of Ranged Weapons for 720 gold pieces
 22224 | Elf:3    | Noticed peterlawrence's ghost (adept MiFi)
 22330 | Elf:3    | Identified the staff of Defiance {rF+ rN++ Int-4 Fire}
 22475 | Elf:3    | Found a transporter.
 22492 | Elf:3    | Found a transporter.
 22965 | Elf:2    | Found Sek Riaf's Antique Armour Boutique.
 22970 | Elf:2    | Bought an embroidered cloak for 202 gold pieces
 23023 | Elf:2    | Reached XP level 17. HP: 144/144 MP: 23/23
 23025 | Elf:2    | Reached skill level 19 in Ranged Weapons
 23398 | Elf:2    | Reached skill level 20 in Ranged Weapons
 23486 | Elf:2    | Found a runed translucent gate.
 23486 | Elf:2    | Found a runed translucent gate.
 23487 | Elf:2    | Found a runed translucent gate.
 23514 | Elf:2    | Found Ylyoh's Book Shop.
 23524 | Elf:2    | Found Ilucus's Jewellery Emporium.
 23525 | Elf:2    | Found Xuisiel's Book Shop.
 23602 | Abyss:4  | Cast into level 4 of the Abyss (a deep elf sorcerer)
 23608 | Elf:2    | Escaped the Abyss
 24314 | Elf:2    | Reached skill level 21 in Ranged Weapons
 24900 | Swamp:1  | Entered Level 1 of the Swamp
 26041 | Swamp:2  | Reached skill level 1 in Shields
 26634 | Swamp:3  | Reached skill level 1 in Air Magic
 26906 | Swamp:3  | Noticed Wooc's ghost (adept GrFi)
 26972 | Swamp:3  | Found a runed translucent gate.
 26973 | Swamp:3  | Found a runed translucent gate.
 26974 | Swamp:3  | Found a runed translucent gate.
 27128 | Swamp:3  | Killed Wooc's ghost
 27266 | Swamp:4  | Entered Level 4 of the Swamp
 27353 | Swamp:4  | Reached XP level 18. HP: 151/151 MP: 24/24
 27701 | Swamp:4  | Reached skill level 5 in Shields
 27713 | Swamp:4  | Noticed the 27-headed Lernaean hydra
 27714 | Swamp:4  | Killed the 27-headed Lernaean hydra
 27779 | Swamp:4  | Got a decaying rune of Zot
 27870 | Swamp:4  | Reached skill level 5 in Air Magic
 29257 | Vaults:1 | Entered Level 1 of the Vaults
 29411 | Vaults:1 | Noticed Zenata
 29431 | Vaults:1 | Reached skill level 10 in Hexes
 29488 | Vaults:1 | Killed Zenata
 29513 | Vaults:1 | Gained mutation: A demonic guardian rushes to your aid.
                  | [demonic ancestry]
 29513 | Vaults:1 | Reached XP level 19. HP: 75/157 MP: 6/25
 29665 | Vaults:1 | Identified the staff "Qeuriade" {rC+ Hexes Ice}
 29777 | Vaults:1 | Lost mutation: Your flesh is cold resistant. (rC+) [potion
                  | of mutation]
 29777 | Vaults:1 | Gained mutation: Armour fits poorly on your strangely
                  | shaped body. [potion of mutation]
 29777 | Vaults:1 | Gained mutation: You possess an exceptional clarity of
                  | mind. [potion of mutation]
 29777 | Vaults:1 | Gained mutation: Your body sometimes deteriorates upon
                  | taking damage. [potion of mutation]
 29778 | Vaults:1 | Lost mutation: Armour fits poorly on your strangely shaped
                  | body. [potion of mutation]
 29778 | Vaults:1 | Lost mutation: You possess an exceptional clarity of mind.
                  | [potion of mutation]
 29778 | Vaults:1 | Gained mutation: Your health recovers twice as slowly from
                  | being drained. [potion of mutation]
 29778 | Vaults:1 | Gained mutation: You have an increased reservoir of magic.
                  | (+10% MP) [potion of mutation]
 29778 | Vaults:1 | Gained mutation: Your muscles are strong. (Str +4, Int/Dex
                  | -1) [potion of mutation]
 29778 | Vaults:1 | Gained mutation: You have a considerably increased
                  | reservoir of magic. (+20% MP) [potion of mutation]
 30177 | Vaults:1 | Found a shimmering blue altar of Sif Muna.
 30222 | Vaults:1 | Found Ceezyso's Weapon Emporium.
 30537 | Vaults:2 | Found Imeh's General Store.
 30952 | Orc:2    | Bought a scroll of enchant armour for 127 gold pieces
 30989 | Orc:2    | Bought a runed helmet for 142 gold pieces
 30989 | Orc:2    | Bought a pair of glowing boots for 142 gold pieces
 31434 | Vaults:2 | Noticed Mennas
 31437 | Vaults:2 | Killed Mennas
 31449 | Vaults:2 | Noticed an ancient lich
 31458 | Vaults:2 | Killed an ancient lich
 31543 | Vaults:2 | Found a runed translucent gate.
 31544 | Vaults:2 | Found a runed translucent gate.
 31544 | Vaults:2 | Found a runed translucent gate.
 31544 | Vaults:2 | Noticed Zonian's ghost (adept HOFi)
 31557 | Vaults:2 | Identified the +0 plate armour of Leapfrog {rC+}
 31800 | Vaults:2 | Found a staircase to the Crypt.
 32254 | Vaults:2 | Found a viscous altar of Jiyva.
 32349 | Vaults:3 | Reached skill level 10 in Shields
 32582 | Vaults:3 | Lost mutation: You have a considerably increased reservoir
                  | of magic. (+20% MP) [potion of mutation]
 32582 | Vaults:3 | Lost mutation: Your body sometimes deteriorates upon taking
                  | damage. [potion of mutation]
 32582 | Vaults:3 | Lost mutation: Your health recovers twice as slowly from
                  | being drained. [potion of mutation]
 32582 | Vaults:3 | Gained mutation: You have sharp toenails. [potion of
                  | mutation]
 32582 | Vaults:3 | Gained mutation: You are agile. (Dex +4, Str/Int -1)
                  | [potion of mutation]
 32582 | Vaults:3 | Gained mutation: Your system is resistant to poisons.
                  | (rPois) [potion of mutation]
 32703 | Vaults:3 | Paralysed by a sphinx for 2 turns
 33215 | Vaults:3 | Reached skill level 10 in Air Magic
 33227 | Vaults:3 | Gained mutation: You are completely covered in sharp
                  | spines. [demonic ancestry]
 33227 | Vaults:3 | Reached XP level 20. HP: 164/164 MP: 29/29
 33528 | Vaults:3 | Learned a level 4 spell: Summon Lightning Spire
 33559 | Vaults:4 | Reached skill level 1 in Summonings
 33606 | Vaults:4 | Reached skill level 10 in Invocations
 34081 | Vaults:4 | Found Meyczim's Distillery.
 34390 | Vaults:5 | Entered Level 5 of the Vaults
 34635 | Vaults:4 | Reached skill level 5 in Summonings
 35018 | Vaults:5 | Noticed a golden dragon
 35143 | Vaults:4 | Killed from afar by a frost giant

Illustrated notes

Levels and vault maps discovered:
D:1:      dpeg_arrival_rooms_b, layout_rooms
D:2:      layout_loops_ring, serial_shops, shop
D:3:      layout_loops_cross, dancing_weapons_uskayaw
D:4:      layout_rooms, lemuel_coloured_pillars_altar,
          gammafunk_temple_overflow_elements, minmay_misc_feat_encased
D:5:      layout_rooms, minmay_misc_feat_four_crosses, uniq_eustachio,
          uniq_edmund, uniq_crazy_yiuf_cottage
D:6:      layout_basic, okawaru_ov_weapons_minmay,
          gammafunk_temple_overflow_wave, uniq_prince_ribbit1, uniq_duvessa
D:7:      layout_loops_cross, vehumet_crystals, minmay_temple_entry_sparse_star,
          nicolae_ossuary_entry_false_entrances, serial_shops,
          nicolae_shop_statue_plus, nicolae_shop_gadgets
D:8:      layout_loops_cross, serial_shops, nicolae_shop_tiny_glass,
          kennysheep_small_circle
D:9:      layout_cave_pods, nicolae_gozag_seed_capital
D:10:     layout_roguey, kennysheep_generic_room_12
D:11:     layout_rooms, erik_lair_dragon, orc_0_dummy, serial_shops,
          nicolae_shop_tiny_statue_garden, shop, shop, nicolae_square_shop,
          shop, hangedman_abyss_or_decor_stagger, minmay_bent, uniq_lodul,
          uniq_psyche
D:12:     layout_basic, hangedman_tell_no_tales
D:13:     layout_roguey, uniq_sonja, uniq_snorg, uniq_erolcha
D:14:     layout_basic, hellmonk_vaults_order_and_chaos,
          nicolae_kite_square_tiling_tiny, uniq_kirke
D:15:     gammafunk_depths_entry_grave, layout_loops_ring, serial_shops, shop,
          serial_park_tiny_2, nicolae_ru_great_annihilating_truth, uniq_louise,
          uniq_josephine
Lair:1:   layout_roguey, serial_bayou, serial_bayou_shore_b,
          serial_bayou_shore_a, serial_bayou_pond_b, serial_bayou_pond_d,
          serial_bayou_ford_a, uniq_erica, uniq_grum, uniq_jeremiah
Lair:2:   beast_lair_carwin_large_2, layout_long_grid, palyth_hydra_swamp_entry
Lair:3:   layout_cave_pods, spider_nest_entry_webs
Lair:4:   nzn_winding_woodlands_cross [nzn_winding_woodlands_5x15_default,
          nzn_winding_woodlands_5x15_jagged, nzn_winding_woodlands_5x15_cabin,
          nzn_winding_woodlands_5x15_longhouse,
          nzn_winding_woodlands_15x15_eel_pit], layout_gridlike, basic_altar,
          dreamdust_mushroom_princess
Lair:5:   hangedman_lair_in_review, layout_layer_cave, slime_entry_2,
          minivault_26, nzn_sisyphean_effort
Swamp:1:  layout_falls_marsh, evilmike_swamp_ruin_house_5
Swamp:2:  nicolae_swamp_secret_spriggan_hideout, layout_falls_marsh,
          serial_swamp_ruin, hangedman_swamp_ruin_wall,
          evilmike_swamp_ruin_house_4, evilmike_swamp_ruin_house_1,
          swamp_pool_1_2, nicolae_swamp_decorative_isthmus
Swamp:3:  layout_basic_swamp, gammafunk_ghost_split, evilmike_swamp_ruin_house_6
Swamp:4:  swamp_old_school, layout_basic_swamp
Orc:1:    layout_diamond_mine
Orc:2:    kennysheep_orc_mage_school, layout_caves
Elf:1:    elf_arrival_001, layout_gridlike, kennysheep_underground_church,
          minmay_shoptagon
Elf:2:    elven_hall_of_blades_hangedman_original
          [nicolae_blade_entry_sentries_behind_glass], layout_loops_cross,
          serial_shops, nicolae_shop_hallway_plus, lemuel_elevator,
          minmay_shop_grove
Elf:3:    grunt_elf_hall_spiral, layout_gridlike, serial_shops, bzr_entry_safe,
          serial_corexii_hall, corexii_hall_statues_l,
          chequers_hall_statues_wall_a, gammafunk_ghost_berserking_beasts,
          minmay_misc_feat_diagonals, minmay_fountain_box,
          nicolae_danse_macabre, uniq_aizul
Vaults:1: nicolae_vaults_trapezoid_lopsided_1, vaults_room_stairs_pillars,
          serial_library_hellmonk_narrow_alcove, ontoclasm_vaults_pinch,
          v_pattern_2, nicolae_vaults_taking_the_gang_shopping, st_more_cells,
          ontoclasm_vaults_misaligned, vaults_room_fancy_cross,
          vaults_room_fancy_cross, vaults_room_pool,
          nicolae_vaults_hallways_thing, layout_vaults_big_room, uniq_zenata
Vaults:2: gammafunk_ghost_ooze, nicolae_vaults_specimen_jars, v_pattern_5,
          grunt_vaults_trifunnel, grunt_vaults_funnel,
          nicolae_vaults_you_can_take_it_with_you, nicolae_vaults_trapezoid_2,
          minmay_crypt_entry_skeletal_spiral, v_alt_pattern_4,
          vaults_room_large_hall, nicolae_vaults_network_periphery,
          vaults_room_pool, nicolae_vaults_diamond_1, layout_vaults_big_cross,
          serial_shops, shop, uniq_mennas
Vaults:3: ontoclasm_vaults_loading_screen, nicolae_vaults_know_your_exits,
          nicolae_vaults_door_testing_chamber, hangedman_vaults_snaps,
          vaults_mumra_lcd, vaults_room_fours,
          serial_library_hellmonk_reading_circle, layout_vaults_omnigrid
Vaults:4: nicolae_vaults_bisected_exclaves, vaults_room_fours,
          hangedman_vaults_pinch, vaults_mumra_bighexcomb,
          nicolae_vaults_frosty_reception, v_misc_5, ontoclasm_vaults_shuriken,
          nicolae_vaults_alarming, v_misc_15, vaults_room_pool,
          layout_vaults_maze_bifur, serial_shops, nicolae_shop_window_shopping
Vaults:5

Skill      XL: |  1  2  3  4  5  6  7  8  9 10 11 12 13 14 15 16 17 18 19 20 |
---------------+-------------------------------------------------------------+-----
Ranged Weapons | 4 5 6 7 8 9 10 11 14 18 21 | 21.4
Dodging        | 2 3 5 6 8 9 10 | 10.8
Armour         | 1 3 4 6 7 8 10 | 10.6
Invocations    | 3 8 9 12 | 12.0
Evocations     | 2 8 |  8.0
Fighting       | 7 13 16 | 16.1
Hexes          | 3 6 7 10 12 | 12.3
Translocations | 2 5 |  5.0
Shields        | 4 7 10 12 | 12.1
Air Magic      | 3 7 10 | 10.0
Summonings     | 6 |  6.0
Stealth        | |  0.8

Action                     |  1- 3 |  4- 6 |  7- 9 | 10-12 | 13-15 | 16-18 | 19-21 || total
---------------------------+-------+-------+-------+-------+-------+-------+-------++-------
  Melee: Great sword       |       |       |       |    21 |       |       |       ||    21
         Hand cannon       |       |       |       |       |     2 |     1 |     4 ||     7
         Touch             |       |       |       |       |     1 |       |       ||     1
   Fire: Shortbow          |    79 |   104 |   272 |       |       |   111 |       ||   566
         Orcbow            |       |       |   118 |   293 |       |       |       ||   411
         Hand cannon       |       |       |       |   109 |   643 |   553 |   538 ||  1843
         Longbow           |       |       |       |   209 |   208 |       |       ||   417
   Cast: Summon Lightning  |       |       |       |       |       |       |     8 ||     8
         Blink             |       |       |       |       |       |       |     3 ||     3
         Silence           |       |       |       |       |       |       |     1 ||     1
 Invoke: Slouch            |       |       |       |     3 |     3 |    17 |     4 ||    27
         Bend Time         |       |       |       |     2 |       |       |       ||     2
         Step From Time    |       |       |       |       |     3 |       |       ||     3
  Evoke: Wand              |       |     2 |       |     2 |       |       |       ||     4
         Phantom mirror    |       |       |       |     2 |     1 |     2 |       ||     5
    Use: Scroll            |     5 |     5 |     4 |     4 |     9 |    17 |     6 ||    50
         Potion            |     2 |     4 |     9 |     4 |     5 |     6 |     6 ||    36
 Armour: Leather armour    |     7 |    23 |    27 |       |       |       |       ||    57
         Scale mail        |       |       |   142 |   245 |   344 |   262 |   114 ||  1107
         Skin              |       |       |    21 |       |       |       |       ||    21
  Dodge: Dodged            |     8 |    13 |   138 |   391 |   375 |   322 |   152 ||  1399
  Block: Tower shield      |       |       |       |       |       |   289 |   461 ||   750
